 Dungeon Crawl Stone Soup version 0.25-a0-413-g3b4b6a4 (webtiles) character file.

Game seed: 2681660177660028300, levelgen mode: deterministic

58 2tousent the Vexing (level 3, 0/24 HPs)
             Began as a Demonspawn Enchanter on Jan 16, 2020.
             Slain by a leopard gecko (3 damage)
             ... on level 2 of the Dungeon.
             The game lasted 00:06:38 (1616 turns).

2tousent the Vexing (Demonspawn Enchanter)          Turns: 1616, Time: 00:06:38

Health: 0/24       AC:  5    Str:  8    XL:     3   Next: 75%
Magic:  0/6        EV: 12    Int: 16    God:
Gold:   53         SH:  0    Dex: 14    Spells: 3/6 levels left

rFire    . . .     SeeInvis .   a - +1 dagger
rCold    . . .     Gourm    .   (no shield)
rNeg     . . .     Faith    .   b - +0 robe
rPois    .         Spirit   .   f - +1 hat
rElec    .         Reflect  .   (no cloak)
rCorr    .         Harm     .   (no gloves)
MR       .....                  (no boots)
Stlth    ++........             (no amulet)
HPRegen  0.08/turn              (no ring)
MPRegen  0.10/turn              (no ring)

@: no status effects
A: molten scales 1
a: no special abilities


You were on level 2 of the Dungeon.
You were not hungry.

You visited 1 branch of the dungeon, and saw 2 of its levels.

You collected 53 gold pieces.

Inventory:

Hand Weapons
 a - a +1 dagger (weapon)
Armour
 b - a +0 robe (worn)
 f - a +1 hat (worn)
Scrolls
 e - a scroll of fear {unknown}
 g - a scroll of teleportation {unknown}
 h - a scroll of random uselessness {unknown}
 i - a scroll of amnesia {unknown}
 j - a scroll of remove curse {unknown}
 l - a scroll of enchant weapon {unknown}
 n - a scroll of magic mapping {unknown}
 p - a scroll of identify {unknown}
 q - a scroll of blinking {unknown}
Potions
 c - 2 potions of mutation {unknown}
 k - a potion of curing {unknown}
 m - a potion of cancellation {unknown}
Comestibles
 d - 3 rations


   Skills:
 * Level 1.9 Short Blades
 * Level 2.0 Dodging
 + Level 2.9 Stealth
 + Level 2.2 Spellcasting
 * Level 3.5 Hexes
 * Level 0.6 Ice Magic


You had 3 spell levels left.
You knew the following spells:

 Your Spells              Type           Power        Failure   Level  Hunger
a - Corona                Hex            ##.....      4%          1    #......
b - Ensorcelled Hibernat  Hex/Ice        #.....       13%         2    ###....

Your spell library contained the following spells:

 Spells                   Type           Power        Failure   Level  Hunger
 Confusing Touch          Hex            ##......     14%         3    ###....
 Tukima's Dance           Hex            ##......     14%         3    ###....
 Dazzling Flash           Conj/Hex       #.....       28%         3    ###....


Dungeon Overview and Level Annotations

Branches:
Dungeon (2/15)

Altars:


Innate Abilities, Weirdness & Mutations

You are partially covered in molten scales. (AC +2)


Message History

Aiming: Ensorcelled Hibernation (safe; 13% risk of failure)
Press: ? - help, Shift-Dir - straight line, f - leopard gecko
Aim: a leopard gecko (chance to defeat MR: 57%)
The leopard gecko resists with significant effort.
The leopard gecko bites you but does no damage.
You closely miss the leopard gecko.
You feel sick.
You are no longer poisoned.
The leopard gecko closely misses you.
You hit the leopard gecko.
The leopard gecko is heavily wounded.
The leopard gecko barely misses you.
You barely miss the leopard gecko.
The leopard gecko is heavily wounded.
The leopard gecko bites you.
* * * LOW HITPOINT WARNING * * *
You closely miss the leopard gecko.
The leopard gecko is heavily wounded.
The leopard gecko bites you but does no damage.
The leopard gecko bites you.
You die...

##.... ....# ########
....####.....#.
..#............ ###.#
#...)...<. ####(..#
###)........
#########.....####...........
.......(.....l.(.).#.........
########.###@#######.........
#.##..# #......... #>##.##
##..^..... ##.##[# ##.....#.
#.....# ######## .# #.#.###
.. ##.#.# #.#..#.# #...>..#


You could see a leopard gecko.

Vanquished Creatures
  2 adders (D:2)
  A worm (D:2)
  A leopard gecko (D:2)
  A ball python (D:1)
  4 bats (D:1)
  2 giant cockroaches
  8 goblins
  3 hobgoblins (D:1)
  2 frilled lizards (D:1)
  6 kobolds
  4 rats (D:1)
34 creatures vanquished.

Notes
Turn   | Place    | Note
-------+----------+-------------------------------------------
     0 | D:1      | 2tousent the Demonspawn Enchanter began the quest for the
                  | Orb.
     0 | D:1      | Reached XP level 1. HP: 13/13 MP: 3/3
    40 | D:1      | Reached skill level 1 in Short Blades
   404 | D:1      | Gained mutation: You are partially covered in molten
                  | scales. (AC +2) [demonic ancestry]
   404 | D:1      | Reached XP level 2. HP: 19/19 MP: 5/5
   518 | D:1      | Learned a level 2 spell: Ensorcelled Hibernation
  1356 | D:1      | Reached XP level 3. HP: 24/24 MP: 6/6
  1616 | D:2      | Slain by a leopard gecko

Levels and vault maps discovered:
D:1:      scummos_arrival_gate, layout_basic, kennysheep_nondescript
D:2:      layout_rooms, marbit_many_paths, hangedman_ru_absence, uniq_terence

Skill      XL: |  1  2  3 |
---------------+----------+-----
Short Blades   | 1 |  1.9
Dodging        | 2 |  2.0
Stealth        | |  2.9
Spellcasting   | |  2.2
Hexes          | |  3.5
Ice Magic      | |  0.6

Action                   || total
-------------------------++-------
Melee: Dagger            ||   177
 Cast: Ensorcelled Hiber ||    10
 Stab: Sleeping          ||     6
       Distracted        ||     1
  Eat: Chunk             ||     3
Armor: Robe              ||    69
Dodge: Dodged            ||   124

Table legend:
 A = Non-vault XP
 B = Vault XP
 C = Vault XP percentage of total XP
 D = Non-vault monster count
 E = Vault monster count
 F = Vault count percentage of total count
                 A         B        C        D         E       F
            +---------+---------+-------+---------+---------+-------
      Total |      83 |       0 |   0.0 |      34 |       0 |   0.0
            +---------+---------+-------+---------+---------+-------
        D:1 |      41 |       0 |   0.0 |      26 |       0 |   0.0
        D:2 |      42 |       0 |   0.0 |       8 |       0 |   0.0
            +---------+---------+-------+---------+---------+-------
